 Dungeon Sprint DCSS version 0.19.5 (webtiles) character file.

114 equalderp2856 the Summoner (level 4, -18/18 HPs)
             Began as a Felid Summoner on Mar 8, 2017.
             Killed from afar by an efreet (36 damage)
             ... with a fireball
             ... in the Dungeon (Sprint VII: "The Pits").
             The game lasted 00:05:48 (1290 turns).

equalderp2856 the Summoner (Felid Summoner)         Turns: 1290, Time: 00:05:49

Health: -18/18     AC:  1    Str:  4    XL:     4   Next: 67%
Magic:  12/12      EV: 20    Int: 16    God:
Gold:   0          SH:  0    Dex: 18    Spells: 2 memorised, 11 levels left
                                        Lives:  0   Deaths: 1

rFire  . . .     SeeInvis +       - Unarmed
rCold  . . .     Gourm    .     (armour unavailable)
rNeg   . . .     Faith    .     (shield unavailable)
rPois  .         Spirit   .     (helmet unavailable)
rElec  .         Reflect  .     (cloak unavailable)
rCorr  .         Harm     .     (gloves unavailable)
MR     .....     NoTele   +     (boots unavailable)
Stlth  +++.......               (no amulet)
                                (no ring)
                                (no ring)

@: quick
A: no armour, no weapons or thrown items, stealth, claws 1, fangs 3, see
invisible, carnivore 3, speed 1, shaggy fur 1, slow metabolism 1, sharp paws
a: no special abilities


You were in the Dungeon.
You were not hungry.

You visited 1 branch

Inventory:

Scrolls
 h - a scroll of blinking
 j - 3 scrolls of remove curse
 k - 5 scrolls of amnesia
 l - a scroll of summoning
Potions
 c - 6 potions of curing
 d - 6 potions of heal wounds
 e - a potion of haste
 f - 4 potions of magic
 g - 3 potions of berserk rage
 i - 2 potions of invisibility
Books
 a - a book of Callings

   Spells                             Type                      Level
   a - Summon Small Mammal            Summoning                    1
   b - Call Imp                       Summoning                    2
   c - Call Canine Familiar           Summoning                    3
   d - Summon Guardian Golem          Hexes/Summoning              3
   e - Summon Lightning Spire         Summoning/Air                4
   f - Summon Ice Beast               Ice/Summoning                4
Comestibles
 b - 8 meat rations


   Skills:
 + Level 4.9 Dodging
 + Level 4.4 Stealth
 + Level 2.8 Unarmed Combat
 + Level 5.5 Spellcasting
 + Level 9.8 Summonings


You had 11 spell levels left.
You knew the following spells:

 Your Spells              Type           Power        Failure   Level  Hunger
a - Summon Small Mammal   Summ           ####         1%          1    None
b - Call Imp              Summ           #####...     1%          2    #......


Dungeon Overview and Level Annotations

Branches:
Dungeon (1/1)

Altars:
Ashenzari
Cheibriados
Dithmenos
Elyvilon
Fedhas
Gozag
Hepliaklqana
Kikubaaqudgha
Makhleb
Nemelex Xobeh
Okawaru
Qazlal
Ru
Sif Muna
Trog
Uskayaw
Vehumet
Xom
Yredelemnul
Zin
The Shining One
Beogh
Jiyva
Lugonu


Innate Abilities, Weirdness & Mutations

You cannot wear armour.
You are incapable of wielding weapons or throwing items.
Your paws allow you to move quietly. (Stealth)
You have sharp claws.
You have razor-sharp teeth.
You have supernaturally acute eyesight. (SInv)
You are carnivorous and can eat meat at any time.
You cover ground quickly.
You are covered in fur. (AC +1)
You have a slow metabolism.
Your sharp claws are effective at attacking unaware monsters.


Message History

The efreet closely misses you.
You scratch the efreet but do no damage.
Your bite misses the efreet.
The efreet is lightly wounded.
Your crimson imp blinks!
The efreet closely misses you.
You scratch the efreet but do no damage.
The efreet is lightly wounded.
You scratch the efreet but do no damage.
The efreet is lightly wounded.
The efreet gestures at you. The bolt of fire misses you.
Your crimson imp closely misses the efreet.
Your crimson imp blinks!
You scratch the efreet.
The efreet is lightly wounded.
The efreet gestures at you.
The fireball explodes!
The fireball engulfs you!
Ouch! That really hurt!
You die...

#..################..#
###########....................#
_________##.....5..............#
_________###########''##########
___#####'###########''######
####)))#.##................#
?(.')))'.##......#..#......#
########.##.....5.5........+
..........'.....@R.........+
#####'#####.....§#..#......#
#..#....)##..........†.....#
#))#####)#####'#####''######
#))#....)##.......##''#
#))#.....##.......##....
#[[###'####.......##...##
##'#.....##...<...##..##
#........##.......##..#


You could see an efreet and 2 friendly crimson imps.

Vanquished Creatures
  A floating eye (D)
  An orc (D)
  A bat zombie (D)
  2 ball pythons (D)
  A bat (D)
6 creatures vanquished.

Vanquished Creatures (collateral kills)
  A necrophage (D)
  2 wights (D)
  An iron imp (D)
  A gnoll (D)
  A hobgoblin (D)
6 creatures vanquished.

Grand Total: 12 creatures vanquished

Notes
Turn   | Place    | Note
-------+----------+-------------------------------------------
     0 | D        | equalderp2856 the Felid Summoner began the quest for the Orb.
     0 | D        | Reached XP level 1. HP: 7/7 MP: 4/4
    19 | D        | Noticed a floating eye
    22 | D        | Paralysed by a floating eye for 3 turns
    28 | D        | Paralysed by a floating eye for 2 turns
    30 | D        | Killed a floating eye
    30 | D        | Reached skill level 8 in Summonings
    30 | D        | Reached XP level 2. HP: 11/11 MP: 5/7
    30 | D        | Reached XP level 3. HP: 14/14 MP: 5/8
    30 | D        | Reached XP level 4. HP: 18/18 MP: 5/9
   369 | D        | Learned a level 2 spell: Call Imp
   609 | D        | Found a radiant altar of Vehumet.
   609 | D        | Found a hide-covered altar of Uskayaw.
   609 | D        | Found an ancient bone altar of Kikubaaqudgha.
   609 | D        | Found a viscous altar of Jiyva.
   609 | D        | Found a hazy altar of Hepliaklqana.
   610 | D        | Found a bloodstained altar of Trog.
   610 | D        | Found a deep blue altar of Sif Muna.
   610 | D        | Found a sacrificial altar of Ru.
   610 | D        | Found a stormy altar of Qazlal.
   610 | D        | Found an iron altar of Okawaru.
   610 | D        | Found a sparkling altar of Nemelex Xobeh.
   610 | D        | Found an opulent altar of Gozag.
   610 | D        | Found a blossoming altar of Fedhas.
   610 | D        | Found a white marble altar of Elyvilon.
   610 | D        | Found a shadowy altar of Dithmenos.
   610 | D        | Found a snail-covered altar of Cheibriados.
   611 | D        | Found a glowing golden altar of the Shining One.
   611 | D        | Found a glowing silver altar of Zin.
   612 | D        | Found a burning altar of Makhleb.
   612 | D        | Found a basalt altar of Yredelemnul.
   612 | D        | Found a roughly hewn altar of Beogh.
   613 | D        | Found a corrupted altar of Lugonu.
   613 | D        | Found a shimmering altar of Xom.
   613 | D        | Found a shattered altar of Ashenzari.
   959 | D        | Reached skill level 9 in Summonings
   959 | D        | Reached XP level 5. HP: 21/21 MP: 1/12
  1245 | D        | Noticed a necrophage
  1257 | D        | Killed a necrophage
  1257 | D        | Reached skill level 5 in Spellcasting
  1262 | D        | Noticed an efreet
  1281 | D        | Killed from afar by an efreet
  1282 | D        | Reached XP level 4. HP: 0/18 MP: 4/12
  1290 | D        | Killed from afar by an efreet

Skill      XL: |  1  2  3  4  5 |
---------------+----------------+-----
Dodging        | 4 |  4.9
Stealth        | 4 |  4.4
Unarmed Combat | 2 |  2.8
Spellcasting   | 3 4 5 |  5.5
Summonings     | 8 9 |  9.8

Action                   |  1- 3 |  4- 6 || total
-------------------------+-------+-------++-------
Melee: Unarmed           |     9 |    38 ||    47
       Bite              |     1 |     4 ||     5
       Punch             |       |     1 ||     1
 Cast: Summon Small Mamm |       |    18 ||    18
       Call Imp          |       |    31 ||    31
 Stab: Sleeping          |     1 |     2 ||     3
  Eat: Chunk             |       |     1 ||     1
Armor: Skin              |       |     2 ||     2
Dodge: Dodged            |       |    33 ||    33
